 Dungeon Crawl Stone Soup version 0.17.1-2-g5865329 (webtiles) character file.

97 xeno23 the Charmwright (level 4, -2/29 HPs)
             Began as a High Elf Skald on Jan 30, 2016.
             Killed by divine providence
             ... invoked by an orc priest
              (11 damage)
             ... on level 3 of the Dungeon.
             The game lasted 00:07:44 (1575 turns).

xeno23 the Charmwright (High Elf Skald)             Turns: 1575, Time: 00:07:44

Health: -2/29      AC: 11    Str: 12    XL:     4   Next: 42%
Magic:  4/18       EV: 17    Int: 17    God:
Gold:   155        SH:  0    Dex: 20    Spells: 3 memorised, 3 levels left

rFire  . . .     SeeInvis .     i - +0 dagger (protect)
rCold  . . .     Clarity  .     b - +0 leather armour
rNeg   . . .     SustAt   .     (no shield)
rPois  .         Gourm    .     (no helmet)
rElec  .         Spirit   .     g - +0 cloak (curse)
rCorr  .         Warding  .     (no gloves)
rMut   .         Stasis   .     (no boots)
MR     .....                    (no amulet)
Stlth  +++.......               t - ring of magical power
                                q - +2 ring of intelligence

@: agile, not resistant to hostile enchantments, fairly stealthy
A: thin metallic scales 1
a: no special abilities


You were on level 3 of the Dungeon.
You were hungry.

You visited 1 branch of the dungeon, and saw 3 of its levels.

You collected 155 gold pieces.

Inventory:

Hand Weapons
 a - a +0 falchion
 i - a +0 dagger of protection (weapon)
Armour
 b - a +0 leather armour (worn)
 g - a cursed +0 cloak (worn)
 u - a cursed -2 ring mail
Jewellery
 q - a +2 ring of intelligence (left hand)
 t - a ring of magical power (right hand)
Scrolls
 h - a scroll of fear {unknown}
 j - a scroll of teleportation {unknown}
 l - 2 scrolls of random uselessness {unknown}
 p - a scroll of amnesia {unknown}
 s - 2 scrolls of noise {unknown}
Potions
 e - a potion of agility
 m - a potion of flight {unknown}
 n - a potion of beneficial mutation
 o - a potion of haste {unknown}
 r - a potion of degeneration {unknown}
Books
 c - a book of Battle

   Spells                             Type                      Level
   a - Infusion                       Charms                       1
   b - Shroud of Golubria             Charms/Translocation         2
   c - Song of Slaying                Charms                       2
   d - Spectral Weapon                Hexes/Charms                 3
   e - Regeneration                   Charms/Necromancy            3
Comestibles
 d - 2 bread rations
 k - 4 chunks of flesh


   Skills:
 + Level 2.2 Fighting
 * Level 3.8 Long Blades
 + Level 1.5 Armour
 + Level 2.0 Dodging
 + Level 3.1 Spellcasting
 + Level 0.8 Hexes
 + Level 3.9 Charms


You had 3 spell levels left.
You knew the following spells:

 Your Spells              Type           Power        Failure   Level  Hunger
a - Infusion              Chrm           ###...       6%          1    None
d - Shroud of Golubria    Chrm/Tloc      #.........   17%         2    ##.....
s - Spectral Weapon       Hex/Chrm       ##......     28%         3    ###....


Dungeon Overview and Level Annotations

Branches:
Dungeon (3/15)

Altars:


Innate Abilities, Weirdness & Mutations

You are partially covered in thin metallic scales (AC +2).


Message History

The magic dart hits you!
The orc wizard points at you and mumbles some strange words.
You resist with some effort. The orc wizard barely misses you.
The orc wizard closely misses you. The orc wizard completely misses you.
The orc wizard casts a spell at you. The magic dart hits you!
You take 1 damage.
You are feeling hungry.
The orc wizard is no longer moving quickly.
The orc falls through a shaft!
The shaft crumbles and collapses.
The orc wizard barely misses you. The orc wizard casts a spell at you.
The magic dart hits you!
You take 5 damage.
The orc priest casts a cantrip, but nothing happens.
You feel yourself speed up.
The orc priest invokes the aid of Beogh against you.
Something smites you!
You die...

####........<.........
..............#..>..##.
...#.....#............#
............##........####
............##.##.>##.....
.....##.........o...[.....
............o..##.###.#...
..##..))..o.#..#o###.# .
#.#<.@.####o#.##..## #
#÷#.#.# #..o#..o.##
..[.....###........#
#.#>#.#.## ##.†.....#
........... ##......##
#.#.#.#.#.#.. #......##
...........#. ##.).....
.#.# #.#.#.#.............
##...........


You could see an orc priest, an orc wizard and an orc.

Vanquished Creatures
  An orc wizard (D:2)
  2 adders
  A worm (D:2)
  A giant gecko (D:2)
  8 orcs
  7 bats
  4 goblins
  3 hobgoblins (D:2)
  A quokka (D:3)
  2 ball pythons
  A giant cockroach (D:1)
  3 giant newts
  7 kobolds
  4 rats
45 creatures vanquished.

Notes
Turn   | Place    | Note
--------------------------------------------------------------
     0 | D:1      | xeno23 the High Elf Skald began the quest for the Orb.
     0 | D:1      | Reached XP level 1. HP: 14/14 MP: 4/4
   381 | D:1      | Reached skill level 1 in Armour
   381 | D:1      | Reached XP level 2. HP: 19/19 MP: 6/6
   828 | D:2      | Reached XP level 3. HP: 11/24 MP: 0/7
   958 | D:2      | Learned a level 2 spell: Shroud of Golubria
   962 | D:2      | Learned a level 3 spell: Spectral Weapon
  1240 | D:2      | Reached XP level 4. HP: 10/29 MP: 1/9
  1566 | D:3      | Gained mutation: You are partially covered in thin metallic scales (AC +2). [potion of beneficial mutation]
  1575 | D:3      | Killed from afar by an orc priest

Action                   |  1- 3 |  4- 6 || total
-------------------------+-------+-------++-------
Melee: Dagger            |   122 |    35 ||   157
       Falchion          |    10 |       ||    10
 Cast: Infusion          |    10 |     3 ||    13
       Shroud of Golubri |     1 |     1 ||     2
  Use: Potion            |       |     3 ||     3
 Stab: Sleeping          |     1 |       ||     1
  Eat: Chunk             |     1 |     1 ||     2
